 Dungeon Crawl Stone Soup version 0.30-a0-881-g1ff12e1e11 (webtiles) character file.

Game seed: 17870801758024722278

39 Dittersdorf the Covered (level 3, -3/24 HPs)
             Began as a Gargoyle Fighter on Mar 14, 2023.
             Was an Initiate of Okawaru.
             Slain by a black bear (5 damage)
             ... in the Ecumenical Temple.
             The game lasted 00:01:46 (1468 turns).

Dittersdorf the Covered (Gargoyle Fighter)          Turns: 1468, Time: 00:01:47

Health: -3/24      AC: 14    Str: 21    XL:     3   Next: 47%
Magic:  3/3        EV:  7    Int:  8    God:    Okawaru [......]
Gold:   48         SH:  4    Dex:  9    Spells: 2/2 levels left

rFire   . . .      SeeInvis .    a - +0 flail
rCold   . . .      Faith    .    c - +0 buckler
rNeg    + . .      Spirit   .    q - +0 chain mail
rPois   ∞          Reflect  .    (no helmet)
rElec   +          Rampage  .    (no cloak)
rCorr   .                        (no gloves)
Will    .....                    o - +1 pair of boots Stlth
                                 (no amulet)
HPRegen 0.24/turn                (no ring)
MPRegen 0.08/turn                (no ring)

@: no status effects
A: sickness immunity, AC +3, negative energy resistance 1, electricity
resistance, torment resistance 1, petrification resistance
a: Renounce Religion


You were in the Ecumenical Temple.
You worshipped Okawaru.
Okawaru was noncommittal.
You visited 2 branches of the dungeon, and saw 4 of its levels.

You collected 48 gold pieces.

Inventory:

Hand Weapons
 a - a +0 flail (weapon)
Armour
 c - a +0 buckler (worn)
 n - a +0 plate armour of willpower
 o - a +1 pair of boots (worn)
 q - a +0 chain mail (worn)
Scrolls
 e - a scroll of summoning {unknown}
 f - 2 scrolls of teleportation {unknown}
 g - a scroll of enchant weapon {unknown}
 k - a scroll of poison {unknown}
 l - a scroll of identify {unknown}
Potions
 d - a potion of might
 h - a potion of invisibility {unknown}
 i - a potion of haste {unknown}
 j - a potion of heal wounds {unknown}
 m - a potion of curing {unknown}
 p - a potion of mutation {unknown}


   Skills:
 + Level 3.7 Fighting
 + Level 2.5 Maces & Flails
 + Level 3.7 Armour
 + Level 3.7 Shields


You had 2 spell levels left.
You didn't know any spells.
Your spell library contained the following spells:

 Spells                   Type           Power      Damage    Failure   Level
 Slow                     Hex            0%         N/A       99%         1
 Confusing Touch          Hex            0%         N/A       100%        3
 Vampiric Draining        Necr           0%         2d6       100%        3
 Summon Small Mammal      Summ           Unusable   N/A       N/A         1
 Call Canine Familiar     Summ           Unusable   N/A       N/A         3
 Summon Guardian Golem    Hex/Summ       Unusable   N/A       N/A         3

Dungeon Overview and Level Annotations

Branches:
Dungeon (4/15)             Temple (1/1) D:4

Altars:
Ashenzari
Cheibriados
Gozag
Hepliaklqana
Okawaru
Ru
Trog
Uskayaw
Vehumet
Yredelemnul
Zin
The Shining One


Innate Abilities, Weirdness & Mutations

You are immune to sickness and miasma.
Your stone body is resilient. (AC +3)
You are immune to poison.
You resist negative energy. (rN+)
You are resistant to electric shocks. (rElec)
You are resistant to unholy torment.
You are immune to petrification.


Message History

You block the black bear's attack. The black bear closely misses you.
The black bear claws you but does no damage.
There is an open door here.
The black bear attacks as you move away!
The black bear bites you but does no damage.
The black bear closely misses you.
The black bear claws you but does no damage.
There is a staircase to the Ecumenical Temple here.
You block the black bear's attack. The black bear barely misses you.
The black bear claws you but does no damage.
You climb downwards.
Welcome back to the Ecumenical Temple!
There is a staircase back to the Dungeon here.
You barely miss the black bear. The black bear bites you.
* * * LOW HITPOINT WARNING * * *
The black bear barely misses you.
The black bear claws you but does no damage.
You barely miss the black bear.
The black bear bites you but does no damage.
The black bear claws you but does no damage.
You block the black bear's attack.
You hit the black bear.
The black bear is lightly wounded.
The black bear bites you.
* * * LOW HITPOINT WARNING * * *
The black bear claws you but does no damage.
The black bear closely misses you. The black bear bites you.
* * * LOW HITPOINT WARNING * * *
The black bear claws you but does no damage. x2
You closely miss the black bear.
The black bear is lightly wounded.
The black bear barely misses you. You block the black bear's attack.
The black bear claws you but does no damage.
You completely miss the black bear.
The black bear is lightly wounded.
The black bear bites you but does no damage.
The black bear claws you but does no damage. x2
You closely miss the black bear.
The black bear is lightly wounded.
The black bear bites you.
You die...

#. #.. .## ##...
...# #..._.
....## ###......
.._...###..._..._
.......#.........
_...._..._...._..
.......@h.......#
######...########
#._.# #.....
#.._._..
#.........
#....._.....
.............


You could see a black bear.

Vanquished Creatures
  A dart slug (D:1)
  6 endoplasms
  2 giant cockroaches
  4 hobgoblins
  3 quokkas
  7 ball pythons
  2 frilled lizards
  3 goblins (D:1)
  2 kobolds
  3 rats
33 creatures vanquished.

Vanquished Creatures (others)
  A plant (D:1)
1 creature vanquished.

Grand Total: 34 creatures vanquished

Notes
Turn   | Place    | Note
-------+----------+-------------------------------------------
     0 | D:1      | Dittersdorf the Gargoyle Fighter began the quest for the
                  | Orb.
     0 | D:1      | Reached XP level 1. HP: 14/14 MP: 1/1
    67 | D:1      | Reached XP level 2. HP: 19/19 MP: 2/2
   567 | D:1      | Reached XP level 3. HP: 23/23 MP: 3/3
   981 | D:2      | Found a faded altar of an unknown god.
  1291 | D:2      | You fall into a shaft and drop 2 floors!
  1384 | D:4      | Found a staircase to the Ecumenical Temple.
  1420 | Temple   | Entered the Ecumenical Temple
  1423 | Temple   | Became a worshipper of Warmaster Okawaru
  1439 | D:4      | Noticed a phantom
  1440 | D:4      | Noticed a black bear
  1465 | Temple   | HP: 1/24 [black bear (4)]
  1468 | Temple   | Slain by a black bear

Illustrated notes

Levels and vault maps discovered:
D:1:      elethiomel_arrival_infinity_welcomes_careful_drivers,
          layout_loops_ring, serial_forest, infiniplex_forest_diagonal,
          infiniplex_forest_clump_C, infiniplex_forest_clump_small,
          infiniplex_forest_clump_medium, infiniplex_forest_lined_2,
          infiniplex_forest_straight_3, infiniplex_forest_straight_3,
          infiniplex_forest_lined_3, infiniplex_forest_lined_room_3,
          infiniplex_forest_lined_3_way
D:2:      layout_loops_corners, serial_shops, shop,
          nicolae_ecumenical_oubliette, uniq_terence
D:4:      layout_cave_pods, temple_green, dreamdust_gnoll_farm
Temple:   dpeg_three_leaves_temple

Action                     || total
---------------------------++-------
  Melee: Flail             ||    89
 Armour: Scale mail        ||    43
         Chain mail        ||    40
  Dodge: Dodged            ||    49
  Block: Buckler           ||    20

Table legend: (Time is in decaauts)
 A = Elapsed time spent in this place.
 B = Non-inter-level travel time spent in this place.
 C = Inter-level travel time spent in this place.
 D = Time resting spent in this place.
 E = Time spent auto-exploring this place.
 F = Levels seen in this place.
 G = Mean time per level.
                   A        B        C        D        E       F      G
               +--------+--------+--------+--------+--------+-----+--------+
         Total |   1496 |   1421 |     75 |      0 |   1122 |   4 |  374.0 |
       Dungeon |   1481 |   1406 |     75 |      0 |   1122 |   3 |  493.7 |
        Temple |     14 |     14 |      0 |      0 |      0 |   1 |   14.0 |
               +--------+--------+--------+--------+--------+-----+--------+

Top non-repeatable levels by time:
     D:1: 1030 daAuts
     D:2: 280 daAuts
     D:4: 170 daAuts
  Temple: 14 daAuts
